 Dungeon Crawl Stone Soup version 0.22-a0-259-gdd11e71 (webtiles) character file.

14 Amnesiac the Ducker (level 2, -4/16 HPs)
             Began as a Spriggan Fighter on Mar 5, 2018.
             Killed by divine providence
             ... invoked by an orc priest
              (10 damage)
             ... on level 3 of the Dungeon.
             The game lasted 00:01:00 (651 turns).

Amnesiac the Ducker (Spriggan Fighter)               Turns: 651, Time: 00:01:01

Health: -4/16      AC:  2    Str: 12    XL:     2   Next: 31%
Magic:  3/3        EV: 19    Int:  9    God:
Gold:   3          SH:  6    Dex: 15    Spells: 1/1 levels left

rFire    . . .     SeeInvis +   a - +0 long sword
rCold    . . .     Gourm    .   c - +0 buckler
rNeg     . . .     Faith    .   k - +0 robe
rPois    .         Spirit   .   (helmet restricted)
rElec    .         Reflect  .   (no cloak)
rCorr    .         Harm     .   (gloves unavailable)
MR       .....                  (boots unavailable)
Stlth    +.........             (no amulet)
HPRegen  0.05/turn              (no ring)
MPRegen  0.08/turn              (no ring)

@: very quick
A: very small, unfitting armour, see invisible, herbivore, speed 3, slow
metabolism 2
a: no special abilities


You were on level 3 of the Dungeon.
You were not hungry.

You visited 1 branch of the dungeon, and saw 3 of its levels.

You collected 3 gold pieces.

Inventory:

Hand Weapons
 a - a +0 long sword (weapon)
 b - a +0 hunting sling
Missiles
 g - a throwing net (quivered)
 l - 3 stones
Armour
 c - a +0 buckler (worn)
 k - a +0 robe (worn)
Scrolls
 e - a scroll of immolation {!r, unknown}
 h - a scroll of amnesia {!r, unknown}
Potions
 d - 2 potions of might {!q}
 i - a potion of cancellation {!q, unknown}
 j - a potion of lignification {!q, unknown}
Comestibles
 f - 2 rations


   Skills:
 - Level 2.4 Fighting
 + Level 2.4 Long Blades
 - Level 4.4 Dodging
 - Level 2.1 Shields


You had one spell level left.
You didn't know any spells.

Dungeon Overview and Level Annotations

Branches:
Dungeon (3/15)

Altars:


Innate Abilities, Weirdness & Mutations

You are very small and have problems with some larger weapons.
You are too small for most types of armour.
You have supernaturally acute eyesight. (SInv)
You are a herbivore.
You cover ground extremely quickly.
You need to consume almost no food.


Message History

a short sword; a kobold corpse
l - 3 stones (gained 1)
a - a +0 long sword (weapon)
A goblin comes into view.
A goblin is nearby!
A goblin is nearby!
The goblin shouts!
You hear a shout!
Found a stone staircase leading down.
Found a quarterstaff.
A kobold comes into view. It is wielding a club.
A dart slug comes into view.
You closely miss the goblin. You block the goblin's attack.
The goblin closely misses you.
You riposte.
You hit the goblin.
The goblin is severely wounded.
A worm comes into view.
You hit the goblin.
You kill the goblin!
You closely miss the kobold. You block the kobold's attack.
An adder comes into view.
The adder hisses angrily.
You slash the kobold!
You kill the kobold!
The dart slug launches a dart at you. The slug dart hits you!
Found a potion of might.
There is a stone staircase leading down here.
The dart slug launches a dart at you. The slug dart hits you!
You climb downwards.
There is a stone staircase leading up here.
You start resting.
A rat comes into view.
You start resting.
You start resting.
Found a scroll labeled RUZARA HORGHUOGOGU.
You start resting.
An orc comes into view. It is wielding a dagger.
An orc is nearby!
A jackal comes into view.
The jackal barks!
You block the rat's attack.
A jackal comes into view.
You completely miss the rat. The rat misses you.
You riposte.
You closely miss the rat.
An orc comes into view. It is wielding a club.
The jackal barks!
The orc shouts!
You hit the rat.
You kill the rat!
You hear a shout!
The jackal closely misses you.
You riposte.
You hit the jackal.
You kill the jackal!
The orc shouts!
An orc priest comes into view.
The orc priest shouts!
A goblin comes into view. It is wielding a dagger.
The orc priest looks encouraged for a moment.
Found a stone staircase leading down.
The goblin shouts!
The orc hits you with a dagger.
* * * LOW HITPOINT WARNING * * *
The orc priest invokes the aid of Beogh against you.
Beogh smites you!
Ouch! That really hurt!
You die...

## ####### #>
......
##.##..#.#
#......#.#
#..#o....#
#..@..g?.####
#............
###o......##
#...####.#####
#...#........###
#.#.o...........
#.#.h....†......
#....<..†.......
######..........


You could see an orc priest, 2 orcs, a jackal and a goblin.

Vanquished Creatures
  2 goblins
  4 hobgoblins (D:1)
  A jackal (D:3)
  A bat (D:1)
  A frilled lizard (D:1)
  2 kobolds (D:2)
  2 rats
13 creatures vanquished.

Notes
Turn   | Place    | Note
-------+----------+-------------------------------------------
     0 | D:1      | Amnesiac the Spriggan Fighter began the quest for the Orb.
     0 | D:1      | Reached XP level 1. HP: 11/11 MP: 2/2
   379 | D:1      | Reached XP level 2. HP: 11/16 MP: 3/3
   651 | D:3      | Killed from afar by an orc priest

Vault maps used:
D:1:      ncdulo_smallfort, minmay_ruptured
D:2:      first_ration, st_stairs_7, uniq_terence
D:3:      zin_academy, hangedman_decor_clover_reticule

Skill      XL: |  1 |
---------------+----+-----
Long Blades    | 2 |  2.4
Fighting       | |  2.4
Dodging        | |  4.4
Shields        | |  2.1

Action                   || total
-------------------------++-------
Melee: Long sword        ||    34
 Fire: Hunting sling     ||     2
Dodge: Dodged            ||    28
Block: Buckler           ||     9
       Rpst.: Long sword ||     9

Table legend:
 A = Spawn XP
 B = Non-spawn XP
 C = Spawn XP percentage of total XP
 D = Spawn monster count
 E = Non-spawn monster count
 F = Spawn count percentage of total count
 G = Total turns spent on level
                    A         B        C        D         E        F      G
               +---------+---------+-------+---------+---------+-------+---------
         Total |       0 |      21 |   0.0 |       0 |      13 |   0.0 |   651
               +---------+---------+-------+---------+---------+-------+---------
           D:1 |       0 |      13 |   0.0 |       0 |       8 |   0.0 |   388
           D:2 |       0 |       5 |   0.0 |       0 |       3 |   0.0 |   227
           D:3 |       0 |       3 |   0.0 |       0 |       2 |   0.0 |    36
               +---------+---------+-------+---------+---------+-------+---------
